 Dungeon Crawl Stone Soup version 0.30-a0-122-g2a1322497e (webtiles) character file.

Game seed: 1809469387036646284

10000 porpoise the Skirmisher (level 11, -1/67 HPs)
             Began as a Kobold Hexslinger on Sept 16, 2022.
             Was a Priest of Fedhas.
             Killed from afar by a rime drake (22 damage)
             ... with a flash freeze
             ... on level 1 of the Lair of Beasts.
             The game lasted 00:52:17 (16399 turns).

porpoise the Skirmisher (Kobold Hexslinger)        Turns: 16399, Time: 00:52:18

Health: -1/67      AC: 13    Str:  6    XL:     11   Next: 84%
Magic:  14/14      EV: 21    Int: 20    God:    Fedhas [***...]
Gold:   369        SH:  0    Dex: 19    Spells: 6/15 levels left

rFire   + . .      SeeInvis .    b - +8 rapier "Giquhol" {venom, Int+3 Dex+3 Stlth-}
rCold   . . .      Faith    .    (no shield)
rNeg    + . .      Spirit   .    D - +1 steam dragon scales
rPois   +          Reflect  .    e - +2 helmet
rElec   .          Harm     .    y - +1 cloak
rCorr   +          Rampage  .    (no gloves)
Will    .....                    (no boots)
Stlth   ++++......               (no amulet)
HPRegen 0.21/turn                d - ring of positive energy
MPRegen 0.14/turn                c - ring of Absolutism {rPois rF+ rCorr Str-3}

@: no status effects
A: small, no large weapons, nightstalker 3
a: Renounce Religion, Wall of Briars, Grow Ballistomycete


You were on level 1 of the Lair of Beasts.
You worshipped Fedhas.
Fedhas was most pleased with you.
You visited 3 branches of the dungeon, and saw 12 of its levels.
You also visited: Sewer.

You collected 830 gold pieces.
You spent 461 gold pieces at shops.

Inventory:

Hand Weapons
 a - a +2 sling of electrocution
 b - the +8 rapier "Giquhol" (weapon) {venom, Int+3 Dex+3 Stlth-}
   (You found it on level 2 of the Dungeon)

   It poisons the flesh of those it strikes.
   Int:       It affects your intelligence (+3).
   Dex:       It affects your dexterity (+3).
   Stlth:     It makes you less stealthy.
 w - a +2 spectral club
 P - a +2 trident of distortion
Missiles
 p - 28 poisoned darts
 L - 4 atropa-tipped darts (quivered)
 M - 3 boomerangs
 O - a throwing net
Armour
 e - a +2 helmet (worn)
 x - a +0 kite shield
 y - a +1 cloak (worn)
 A - the +1 scale mail of Action {Slay+2}
   (You found it on level 5 of the Dungeon)

   Slay:      It affects your accuracy & damage with ranged weapons and melee
   (+2).
 D - +1 steam dragon scales (worn)
Jewellery
 c - the ring of Absolutism (right hand) {rPois rF+ rCorr Str-3}
   (You bought it in a shop on level 7 of the Dungeon)

   [ring of protection from fire]

   Str:       It affects your strength (-3).
   rF:        It protects you from fire.
   rPois:     It protects you from poison.
   rCorr:     It protects you from acid and corrosion.
 d - a ring of positive energy (left hand)
 o - a ring of wizardry
Wands
 h - a wand of quicksilver (4)
 n - a wand of paralysis (17)
 u - a wand of digging (6)
 F - a wand of polymorph (12)
 N - a wand of flame (9)
Scrolls
 f - a scroll of poison
 s - 4 scrolls of teleportation
 E - 2 scrolls of magic mapping
 G - 2 scrolls of enchant weapon
 I - a scroll of enchant armour
 J - a scroll of immolation
Potions
 g - 2 potions of ambrosia
 i - 2 potions of lignification
 j - 2 potions of might
 k - 2 potions of mutation
 l - 5 potions of attraction
 m - a potion of berserk rage {unknown}
 q - 7 potions of flight
 r - 3 potions of haste
 t - 2 potions of invisibility
 v - a potion of magic {unknown}
 H - a potion of brilliance {unknown}
 K - a potion of cancellation


   Skills:
 + Level 7.5 Fighting
 - Level 14.0 Ranged Weapons
 - Level 7.0 Armour
 - Level 9.0 Dodging
 - Level 7.0 Stealth
 + Level 2.6 Spellcasting
 - Level 3.0 Hexes
 + Level 2.4 Invocations


You had 6 spell levels left.
You knew the following spells:

 Your Spells              Type           Power      Damage    Failure   Level
a - Slow                  Hex            56%        N/A       4%          1
f - Summon Forest         Summ/Tloc      1%         N/A       99%         5
p - Portal Projectile     Hex/Tloc       16%        N/A       24%         3

Your spell library contained the following spells:

 Spells                   Type           Power      Damage    Failure   Level
 Summon Small Mammal      Summ           8%         N/A       16%         1
 Inner Flame              Hex/Fire       8%         N/A       24%         3
 Kindle Blastsparks       Fire/Tloc/Air  4%         2d10      41%         3
 Cause Fear               Hex            7%         N/A       41%         4
 Fulminant Prism          Conj/Hex       4%         3d6       63%         4
 Iskenderun's Mystic Bla  Conj/Tloc      2%         2d3       83%         4
 Lee's Rapid Deconstruct  Erth           1%         3d5*      99%         5
 Eringya's Noxious Bog    Tmut/Pois      1%         N/A       100%        6
 Summon Hydra             Summ           1%         N/A       100%        7
 Discord                  Hex            7%         N/A       100%        8


Dungeon Overview and Level Annotations

Branches:
Dungeon (10/15)            Temple (1/1) D:5            Lair (1/5) D:8
  Sewer (visited)
    Orc: D:9-12

Altars:
Ashenzari
Cheibriados
Dithmenos
Elyvilon
Fedhas
Gozag
Hepliaklqana
Kikubaaqudgha
Makhleb
Nemelex Xobeh
Okawaru
Qazlal
Ru
Sif Muna
Trog
Uskayaw
Vehumet
Wu Jian
Xom
Yredelemnul
Zin
The Shining One

Shops:
D:5 [   D:7 =   D:10 :

Annotations:
Lair:1 3 runed translucent doors


Innate Abilities, Weirdness & Mutations

You are small and have problems with some larger weapons.
You are completely attuned to the shadows.


Message History

Aiming: Paralyse
Press: ? - help, Shift-Dir - straight line, f - wolf
Aim: a wolf (lightly wounded, very poisoned, chance to affect: 49%)
The wolf resists with some effort.
The wolf closely misses you. The wolf bites you but does no damage.
Unknown command.
You puncture the wolf!
The wolf looks as sick as possible!
The wolf is heavily wounded.
The wolf bites you but does no damage. The wolf barely misses you.
You puncture the wolf!
The wolf looks as sick as possible!
The wolf is almost dead.
You kill the wolf!
Fedhas appreciates your contribution to the ecosystem.
The wolf completely misses you.
Aiming: Paralyse
Press: ? - help, Shift-Dir - straight line, f - wolf
Aim: a wolf (chance to affect: 49%)
The wolf resists with some effort.
The wolf barely misses you. x2
Aiming: Paralyse
Press: ? - help, Shift-Dir - straight line, f/p - wolf
Aim: a wolf (chance to affect: 49%)
The wolf resists with some effort.
The wolf completely misses you. x2
Aiming: Paralyse
Press: ? - help, Shift-Dir - straight line, f/p - wolf
Aim: a wolf (chance to affect: 49%)
The wolf suddenly stops moving!
The helpless wolf fails to defend itself.
You impale the wolf!!
You kill the wolf!
Fedhas appreciates your contribution to the ecosystem.
The rime drake misses you.
You puncture the rime drake!
The rime drake is poisoned.
The rime drake is moderately wounded.
The rime drake bites you but does no damage.
You miss the rime drake.
The rime drake is moderately wounded.
The rime drake breathes ice at you. The flash freeze hits you!!
You die...
Fedhas appreciates your contribution to the ecosystem.

#
####..#####..........###.......
###....## ##.........'.#.......
.....### #..........#.#.......
###### ##.........#.........
#.........#.+.......
#.........###.......
##..##..### #######. ##k#####
## #@# #.# #.# ###


You could see a rime drake (very poisoned, catching breath).

Vanquished Creatures
  3 elephants (Lair:1)
  Maggie (Lair:1)
  A cane toad (Lair:1)
  2 komodo dragons (Lair:1)
  2 trolls (D:10)
  2 hornets
  11 yaks
  Eustachio (D:4)
  2 wyverns
  A steam dragon (D:6)
  Menkaure (D:4)
  5 water moccasins
  An ice beast (D:6)
  A black bear (D:6)
  A sky beast (D:6)
  3 orc warriors
  8 wolves (Lair:1)
  5 centaurs
  3 phantoms
  4 bullfrogs
  A necrophage (D:6)
  2 gnoll sergeants
  A scorpion (D:6)
  4 killer bees (D:9)
  3 howler monkeys
  2 electric eels (D:9)
  3 orc priests
  3 jellies
  A gnoll bouda (D:5)
  Ijyb (D:4)
  Crazy Yiuf (D:5)
  2 iguanas
  7 orc wizards
  A merfolk siren (Sewer)
  A merfolk avatar (Sewer)
  19 gnolls
  9 adders
  2 river rats (Sewer)
  2 ufetubi
  2 worms (D:3)
  29 orcs
  6 endoplasms
  7 giant cockroaches
  8 goblins
  5 hobgoblins
  7 jackals
  5 kobolds
  6 quokkas
  12 ball pythons
  6 bats
  8 frilled lizards
  35 rats
  A spectral orc (D:10)
260 creatures vanquished.

Vanquished Creatures (collateral kills)
  A two-headed ogre (D:10)
1 creature vanquished.

Vanquished Creatures (others)
  7 fungi (Lair:1)
  11 plants
18 creatures vanquished.

Grand Total: 279 creatures vanquished

Notes
Turn   | Place    | Note
-------+----------+-------------------------------------------
     0 | D:1      | porpoise the Kobold Hexslinger began the quest for the Orb.
     0 | D:1      | Reached XP level 1. HP: 12/12 MP: 2/2
   472 | D:1      | Reached skill level 3 in Ranged Weapons
   472 | D:1      | Reached skill level 1 in Stealth
   472 | D:1      | Reached XP level 2. HP: 16/16 MP: 1/3
   882 | D:1      | Reached XP level 3. HP: 17/21 MP: 4/4
  1191 | D:1      | Found a faded altar of an unknown god.
  1196 | D:1      | Got Plato's Collected Works on Assembling
  1683 | D:2      | Reached XP level 4. HP: 11/27 MP: 2/5
  2323 | D:2      | Identified the +8 rapier "Giquhol" {venom, Int+3 Dex+3
                  | Stlth-}
  2751 | D:3      | Found a glowing silver altar of Zin.
  2760 | D:3      | Reached skill level 4 in Ranged Weapons
  2984 | D:3      | Found a glowing drain.
  2996 | Sewer    | Entered a sewer
  3108 | Sewer    | Reached XP level 5. HP: 22/32 MP: 6/6
  3704 | Sewer    | Noticed a malarious merfolk avatar
  3885 | Sewer    | Killed a malarious merfolk avatar
  3886 | Sewer    | Reached XP level 6. HP: 27/37 MP: 7/7
  4237 | D:3      | Reached skill level 5 in Ranged Weapons
  5367 | D:4      | Reached skill level 5 in Stealth
  5858 | D:4      | Noticed Eustachio
  5867 | D:4      | Killed Eustachio
  5868 | D:4      | Reached skill level 6 in Ranged Weapons
  5868 | D:4      | Reached XP level 7. HP: 41/44 MP: 8/8
  5896 | D:4      | Found a shimmering altar of Xom.
  5924 | D:4      | Noticed Menkaure
  5931 | D:4      | Killed Menkaure
  5932 | D:4      | Reached skill level 5 in Fighting
  6041 | D:4      | Noticed Ijyb
  6047 | D:4      | Killed Ijyb
  6266 | D:4      | Learned a level 3 spell: Portal Projectile
  6419 | D:5      | Entered Level 5 of the Dungeon
  6490 | D:5      | Reached XP level 8. HP: 46/49 MP: 9/9
  6935 | D:5      | Found a runed translucent door.
  6938 | D:5      | Noticed Crazy Yiuf
  6944 | D:5      | Killed Crazy Yiuf
  6945 | D:5      | Reached skill level 7 in Ranged Weapons
  7013 | D:5      | Identified the +1 scale mail of Action {Slay+2}
  7042 | D:5      | Found a staircase to the Ecumenical Temple.
  7051 | Temple   | Entered the Ecumenical Temple
  7238 | Temple   | Became a worshipper of Fedhas Madash
  7561 | D:5      | Found Uxarogg's Armour Boutique.
  7650 | D:6      | Reached skill level 1 in Armour
  7809 | D:6      | Learned a level 5 spell: Summon Forest
  8147 | D:6      | Reached skill level 8 in Ranged Weapons
  8576 | D:6      | Reached XP level 9. HP: 32/56 MP: 10/10
  9195 | D:6      | Reached skill level 9 in Ranged Weapons
  9523 | D:7      | Reached * piety under Fedhas
  9819 | D:7      | Found Zevowib's Jewellery Boutique.
  9894 | D:7      | Reached skill level 5 in Dodging
  9902 | D:7      | Bought the ring of Absolutism {rPois rF+ rCorr Str-3} for
                  | 461 gold pieces
 10384 | D:8      | Reached skill level 10 in Ranged Weapons
 10615 | D:8      | Reached XP level 10. HP: 44/63 MP: 11/11
 11151 | D:8      | Paralysed by a hornet for 1 turns
 11655 | D:8      | Found a staircase to the Lair.
 11846 | D:8      | Reached skill level 5 in Armour
 11849 | D:8      | Reached ** piety under Fedhas
 12359 | D:9      | Reached skill level 11 in Ranged Weapons
 13053 | D:9      | Found a shimmering blue altar of Sif Muna.
 13053 | D:9      | Found an iron altar of Okawaru.
 13810 | D:10     | Entered Level 10 of the Dungeon
 14116 | D:10     | Found Biovimat's Vocational Training.
 14386 | D:10     | Reached skill level 12 in Ranged Weapons
 14386 | D:10     | Reached XP level 11. HP: 65/67 MP: 12/12
 14497 | D:10     | Noticed a two-headed ogre
 14522 | D:10     | Killed a two-headed ogre
 14522 | D:10     | Reached *** piety under Fedhas
 14915 | D:10     | Found a basalt altar of Yredelemnul.
 15355 | Lair:1   | Entered Level 1 of the Lair of Beasts
 15362 | Lair:1   | Found a runed translucent gate.
 15363 | Lair:1   | Found a runed translucent gate.
 15364 | Lair:1   | Found a runed translucent gate.
 15376 | Lair:1   | Reached skill level 13 in Ranged Weapons
 15697 | Lair:1   | Noticed Maggie
 15708 | Lair:1   | Killed Maggie
 15917 | Lair:1   | Noticed an elephant
 15922 | Lair:1   | Noticed an elephant
 15926 | Lair:1   | Noticed an elephant
 15933 | Lair:1   | Killed an elephant
 15945 | Lair:1   | Killed an elephant
 15946 | Lair:1   | Reached skill level 14 in Ranged Weapons
 15950 | Lair:1   | HP: 2/67 [elephant (2)]
 15962 | Lair:1   | Killed an elephant
 15963 | Lair:1   | Reached skill level 1 in Invocations
 16399 | Lair:1   | Killed from afar by a rime drake

Illustrated notes

Levels and vault maps discovered:
D:1:      psy_arrival_fountain, layout_loops_ring,
          shapermc_ecumenical_altar_rom_forum
D:2:      layout_basic
D:3:      layout_loops_ring, zin_statuary, gup_sewer_entry_spiral,
          serial_bayou_ford_a, chequers_jeans
D:4:      layout_basic, mainiacjoe_overflow_24_doors, uniq_eustachio,
          uniq_menkaure, uniq_ijyb
D:5:      layout_rooms, minmay_temple_entry_enclosed_plants, serial_shops,
          kennysheep_mini_moat, uniq_crazy_yiuf_cottage
D:6:      layout_loops_ring
D:7:      layout_loops_ring, serial_shops, nicolae_shop_advertising_works
          [nicolae_subvault_shop_adworks], minivault_23
D:8:      layout_basic, lair_entry_dummy
D:9:      layout_rooms, nicolae_overflow_two_pavilions
D:10:     layout_rooms, yredelemnul_forgotten_temple_becter, minivault_25,
          nicolae_shop_vocational
Temple:   bh_familiar_temple
Lair:1:   layout_roguey, gammafunk_ghost_icy, grunt_megastairs_5,
          lemuel_fruit_fields, uniq_maggie

Skill      XL: |  1  2  3  4  5  6  7  8  9 10 11 |
---------------+----------------------------------+-----
Ranged Weapons | 3 4 6 8 10 12 14 | 14.0
Stealth        | 1 2 3 4 5 6 7 |  7.0
Fighting       | 2 3 4 5 6 7 |  7.5
Armour         | 2 4 6 7 |  7.0
Dodging        | 5 8 9 |  9.0
Invocations    | 2 |  2.4
Spellcasting   | 2 |  2.6
Hexes          | |  3.0

Action                   |  1- 3 |  4- 6 |  7- 9 | 10-12 || total
-------------------------+-------+-------+-------+-------++-------
Melee: Rapier            |       |   158 |   162 |   299 ||   619
       Punch             |       |       |     2 |     6 ||     8
 Fire: Sling             |    77 |    84 |    39 |    14 ||   214
Throw: Dart              |       |       |     8 |    28 ||    36
 Cast: Slow              |     7 |       |       |     4 ||    11
Evoke: Wand              |       |       |       |     9 ||     9
  Use: Scroll            |       |    12 |     5 |    12 ||    29
       Potion            |       |     1 |     1 |     8 ||    10
 Stab: Sleeping          |       |     3 |     8 |     7 ||    18
       Invisible         |       |       |       |     1 ||     1
       Paralysed         |       |       |       |     1 ||     1
Armor: Robe              |     4 |       |       |       ||     4
       Leather armour    |       |    37 |     8 |       ||    45
       Scale mail        |       |       |    63 |       ||    63
       Steam dragon scal |       |       |     4 |    92 ||    96
Dodge: Dodged            |    40 |   156 |   108 |   413 ||   717

Table legend: (Time is in decaauts)
 A = Elapsed time spent in this place.
 B = Non-inter-level travel time spent in this place.
 C = Inter-level travel time spent in this place.
 D = Time resting spent in this place.
 E = Time spent auto-exploring this place.
 F = Levels seen in this place.
 G = Mean time per level.
                   A        B        C        D        E       F      G
               +--------+--------+--------+--------+--------+-----+--------+
         Total |  16650 |  16322 |    328 |   6813 |   6867 |  13 | 1280.8 |
       Dungeon |  14234 |  13923 |    311 |   5719 |   6319 |  10 | 1423.4 |
        Temple |    203 |    187 |     16 |      0 |    170 |   1 |  203.0 |
          Lair |   1063 |   1063 |      0 |    513 |    356 |   1 | 1063.0 |
         Sewer |   1148 |   1148 |      0 |    581 |     21 |   1 | 1148.0 |
               +--------+--------+--------+--------+--------+-----+--------+

Top non-repeatable levels by time:
     D:6: 1857 daAuts
     D:9: 1764 daAuts
     D:8: 1685 daAuts
     D:3: 1532 daAuts
     D:1: 1495 daAuts
    D:10: 1401 daAuts
     D:2: 1228 daAuts
     D:4: 1186 daAuts
   Sewer: 1148 daAuts
     D:7: 1101 daAuts
  Lair:1: 1063 daAuts
     D:5: 981 daAuts
  Temple: 203 daAuts
